Condors vs Monarchs

Created - November 27, 2020 at 22:37

Goals
1 2 3 T
Condors 2 1 0 3
Monarchs 1 1 2 4
Shots
1 2 3 T
Condors 19 9 5 33
Monarchs 9 6 13 28

1st period

1. Monarchs , Stefan Matteau 8 (Mikko Rantanen 9, Tim Schaller 7) at 7:50
2. Condors , Mark Jankowski 5 (Christian Thomas 2, Daniel Zaar 3) at 17:39
3. Condors , Tyler Bozak 8 (Alex Tuch 6, Andrew Mangiapane 7) at 18:52

Penalties :
Frank Vatrano (MAN) for Hooking (Minor) at 19:33

2nd period

4. Condors , Carl Gunnarsson 1 (Andrew Mangiapane 8, Mark Visentin) at 0:34 (PP)
5. Monarchs , Stefan Matteau 9 (Tim Schaller 8, Neal Pionk 10) at 10:38

Penalties :
Andrew Mangiapane (Bak) for Roughing (Minor) at 1:22, Tim Schaller (MAN) for Tripping (Minor) at 8:14, Tim Schaller (MAN) for High sticking (Minor) at 13:01

3rd period

6. Monarchs , Mikko Rantanen 5 (Zach Werenski 15) at 13:40
7. Monarchs , Zachary Sanford 5 (Frank Vatrano 6, Brayden Point 9) at 13:57

Penalties :
Eric Gustafsson (Bak) for Hooking (Minor) at 7:36

Goalie Stats

Mark Visentin (Bak), 24 saves from 28 shots - (0.857), L, 1-4-1, 58:52 minutes
Jake Allen (MAN), 30 saves from 33 shots - (0.909), W, 4-3-0, 60:00 minutes

Players Stats for Condors

Player Name              G  A  P  +/- PIM S  H  SB GA TA FO     MP     PP MP  PK MP  
------------------------------------------------------------------------------------
Alex Tuch                0  1  1   0  0   4  5  0  0  0  2/2    21:20   3:03   1:02 
Andrew Mangiapane        0  2  2   0  2   1  2  2  0  0  0/1    19:17   1:55   0:19 
Anton Slepyshev          0  0  0  -1  0   5  6  0  1  0  0/0    17:38   3:03   0:00 
Brett Lernout            0  0  0   1  0   0  0  2  0  0  0/0    14:21   0:00   1:40 
C.J Suess                0  0  0  -2  0   0  0  0  0  0  0/0     7:24   0:00   0:00 
Carl Gunnarsson          1  0  1  -1  0   2  1  2  2  3  0/0    27:02   3:16   2:18 
Chris Bigras             0  0  0  -2  0   0  1  2  0  0  0/0    18:41   1:43   0:06 
Christian Thomas         0  1  1   1  0   1  0  1  1  0  0/0    11:17   0:00   0:07 
Daniel Zaar              0  1  1   1  0   5  0  1  0  1  0/0    11:35   0:01   0:00 
Eric Gustafsson          0  0  0  -1  2   3  4  1  0  0  0/0    26:05   3:16   1:06 
Erik Cernak              0  0  0   1  0   0  0  2  0  0  0/0    13:20   0:00   1:12 
Frederik Gauthier        0  0  0  -1  0   1  1  0  2  0  7/14   17:16   3:03   0:45 
Louis Leblanc            0  0  0  -2  0   1  1  0  1  0  1/2     8:08   0:01   0:00 
Mark Jankowski           1  0  1   1  0   3  0  0  0  0  2/6    12:09   0:00   0:52 
Mikko Lehtonen           0  0  0  -2  0   0  1  0  0  0  0/0     8:11   0:01   0:00 
Nail Yakupov             0  0  0  -1  0   5  1  0  1  1  0/0    19:40   1:55   2:30 
Tyler Bozak              1  0  1   0  0   2  2  0  1  0  18/32  21:59   1:55   2:21 
Zac Leslie               0  0  0  -2  0   0  0  0  0  1  0/0    20:37   1:43   1:34 

Players Stats for Monarchs

Player Name              G  A  P  +/- PIM S  H  SB GA TA FO     MP     PP MP  PK MP  
------------------------------------------------------------------------------------
Brayden Point            0  1  1   1  0   0  2  0  0  1  12/16  17:10   1:35   0:00 
Collin Miller            0  0  0   0  0   1  0  0  0  1  0/0    16:39   1:34   1:11 
Frank Vatrano            0  1  1   1  2   4  3  1  2  1  0/0    17:09   1:35   0:00 
Jacob De La Rose         0  0  0   0  0   0  0  0  0  0  0/0     6:43   0:00   0:00 
Joel Eriksson Ek         0  0  0  -1  0   1  2  0  0  0  0/2    12:36   0:00   0:13 
Joonas Lyytinen          0  0  0   1  0   0  0  3  0  0  0/0     6:04   0:00   0:00 
Kurtis Macdermid         0  0  0   1  0   0  0  0  0  0  0/0    11:34   0:00   0:00 
Kyle Connor              0  0  0   2  0   0  0  0  0  0  0/0     3:52   0:00   1:18 
Matt Roy                 0  0  0   1  0   0  0  1  0  0  0/0     6:48   0:00   0:00 
Mikko Rantanen           1  1  2   1  0   2  2  1  1  2  1/1    21:43   2:23   3:25 
Neal Pionk               0  1  1   1  0   0  0  3  0  0  0/0    10:50   0:00   0:00 
Nicholas Baptiste        0  0  0   0  0   0  3  0  0  0  0/0     6:43   0:00   0:00 
Nick Ritchie             0  0  0  -1  0   0  2  0  0  0  0/0    12:23   0:00   0:00 
Olli Maatta              0  0  0   0  0   2  1  0  2  0  0/0    25:43   2:24   3:48 
Seth Helgeson            0  0  0   0  0   1  1  2  0  1  0/0    25:43   2:24   3:48 
Stefan Matteau           2  0  2   2  0   5  1  1  0  0  10/31  20:28   2:23   1:43 
Tim Schaller             0  2  2   1  4   2  1  0  0  2  2/3    24:15   2:23   0:56 
Travis Konecny           0  0  0  -1  0   2  1  1  1  0  2/3    14:30   0:00   2:07 
Zach Werenski            0  1  1   0  0   2  1  1  0  1  0/0    16:39   1:34   1:11 
Zachary Sanford          1  0  1   1  0   6  1  0  0  0  0/1    17:26   1:35   0:16 

3 Stars

1 - Stefan Matteau (MAN)
2 - Mikko Rantanen (MAN)
3 - Zachary Sanford (MAN)

Power Play

Condors - 1 on 3 Attempt(s) - 33.33%
Monarchs - 0 on 2 Attempt(s) - 0.00%

Penalty Kill

Condors - 2 on 2 Attempt(s) - 100.00% - Score 0 goal in Penalty Kill
Monarchs - 2 on 3 Attempt(s) - 66.67% - Score 0 goal in Penalty Kill

Team Stat

Condors - Hits : 25 - Faceoff Wins : 30 - Blocked Shots : 13 - Penalty Minutes : 4
Monarchs - Hits : 21 - Faceoff Wins : 27 - Blocked Shots : 14 - Penalty Minutes : 6

Official

Referees : Unknown
Linesman : Unknown

Game Notes

Neal Pionk is injured at 17:11 of 3rd period (Right Forearm)

Finance

Level 1 -- Attendance: 1889 (94.45%) -- Ticket Income $47,225
Level 2 -- Attendance: 971 (97.10%) -- Ticket Income $9,710
Total Attendance: 2860 (95.33%)
Total Ticket Income: $56,935
Other Income: $2,847
Total Income: $59,782

Condors

5 vs 5 Forward 
   Center                   Left Wing                Right Wing               Time % Phy DF OF 
 1 Tyler Bozak              Andrew Mangiapane        Alex Tuch                40     1   2  2  
 2 Frederik Gauthier        Anton Slepyshev          Nail Yakupov             30     1   2  2  
 3 Mark Jankowski           Christian Thomas         Daniel Zaar              20     1   2  2  
 4 Louis Leblanc            C.J Suess                Mikko Lehtonen           10     1   2  2  

5 vs 5 Defense 
   Defense                  Defense                                           Time % Phy DF OF 
 1 Carl Gunnarsson          Eric Gustafsson                                   40     1   2  2  
 2 Zac Leslie               Chris Bigras                                      30     1   2  2  
 3 Brett Lernout            Erik Cernak                                       20     1   2  2  
 4 Carl Gunnarsson          Eric Gustafsson                                   10     1   2  2  

PowerPlay Forward 
   Center                   Left Wing                Right Wing               Time % Phy DF OF 
 1 Frederik Gauthier        Anton Slepyshev          Alex Tuch                60     1   2  2  
 2 Tyler Bozak              Andrew Mangiapane        Nail Yakupov             40     1   2  2  

PowerPlay Defense
   Defense                  Defense                                           Time % Phy DF OF 
 1 Carl Gunnarsson          Eric Gustafsson                                   60     1   2  2  
 2 Zac Leslie               Chris Bigras                                      40     1   2  2  

Penalty Kill 4 Players Forward 
   Center                   Wing                     Time % Phy DF OF 
 1 Tyler Bozak              Nail Yakupov             60     1   2  2  
 2 Frederik Gauthier        Mark Jankowski           40     1   2  2  

Penalty Kill 4 Players Defense
   Defense                  Defense                  Time % Phy DF OF 
 1 Carl Gunnarsson          Eric Gustafsson          60     1   2  2  
 2 Zac Leslie               Brett Lernout            40     1   2  2  

Penalty Kill - 3 Players Forward 
   Forward                                           Time % Phy DF OF 
 1 Tyler Bozak                                       60     1   2  2  
 2 Nail Yakupov                                      40     1   2  2  

Penalty Kill - 3 Players Defense
   Defense                  Defense                  Time % Phy DF OF 
 1 Carl Gunnarsson          Eric Gustafsson          60     1   2  2  
 2 Zac Leslie               Brett Lernout            40     1   2  2  

4 vs 4 Forward 
   Center                   Wing                     Time % Phy DF OF 
 1 Tyler Bozak              Nail Yakupov             60     1   2  2  
 2 Frederik Gauthier        Mark Jankowski           40     1   2  2  

4 vs 4 Defense
   Defense                  Defense                  Time % Phy DF OF 
 1 Carl Gunnarsson          Chris Bigras             60     1   2  2  
 2 Zac Leslie               Eric Gustafsson          40     1   2  2  

Last Minutes Offensive
   Center                   Left Wing                Right Wing               Defense                  Defense                  
   Tyler Bozak              Anton Slepyshev          Nail Yakupov             Carl Gunnarsson          Eric Gustafsson          

Last Minutes Defensive
   Center                   Left Wing                Right Wing               Defense                  Defense                  
   Tyler Bozak              Anton Slepyshev          Nail Yakupov             Carl Gunnarsson          Eric Gustafsson          

Goaltenders
Starting : Mark Visentin            
Backup : Mackenzie Blackwood      

Extra Forwards
Normal : Louis Leblanc, Daniel Zaar, Alex Tuch - PP : Louis Leblanc, Daniel Zaar - PK : Alex Tuch
Extra Defensemen
Normal : Brett Lernout, Erik Cernak, Zac Leslie - PP : Brett Lernout - PK : Erik Cernak, Zac Leslie
Penalty Shots
Tyler Bozak, Nail Yakupov, Frederik Gauthier, Mark Jankowski, Anton Slepyshev

Scratches
Emil Djuse (Healthy), Jacob Larsson (Healthy), Nick Merkley (Healthy), Cole Cassels (Healthy), Jordan Subban (Healthy)
Jeremy Gregoire (Healthy), Connor Hurley (Healthy), Remi Elie (Healthy), Gustav Olofsson (Healthy), Adam Erne (Healthy)
Brett Ritchie (Healthy), Anders Bjork (Healthy), Marc-André Bourdon (Healthy), Hunter Smith (Healthy), Mike Smith (Healthy)
Jack Campbell (Healthy)

Monarchs

5 vs 5 Forward 
   Center                   Left Wing                Right Wing               Time % Phy DF OF 
 1 Stefan Matteau           Tim Schaller             Mikko Rantanen           40     1   2  2  
 2 Brayden Point            Zachary Sanford          Frank Vatrano            30     1   2  2  
 3 Joel Eriksson Ek         Nick Ritchie             Travis Konecny           20     1   2  2  
 4 Tim Schaller             Jacob De La Rose         Nicholas Baptiste        10     1   2  2  

5 vs 5 Defense 
   Defense                  Defense                                           Time % Phy DF OF 
 1 Seth Helgeson            Olli Maatta                                       40     1   2  2  
 2 Zach Werenski            Collin Miller                                     30     1   2  2  
 3 Neal Pionk               Kurtis Macdermid                                  20     1   2  2  
 4 Matt Roy                 Joonas Lyytinen                                   10     1   2  2  

PowerPlay Forward 
   Center                   Left Wing                Right Wing               Time % Phy DF OF 
 1 Stefan Matteau           Tim Schaller             Mikko Rantanen           60     1   2  2  
 2 Brayden Point            Zachary Sanford          Frank Vatrano            40     1   2  2  

PowerPlay Defense
   Defense                  Defense                                           Time % Phy DF OF 
 1 Seth Helgeson            Olli Maatta                                       60     1   2  2  
 2 Zach Werenski            Collin Miller                                     40     1   2  2  

Penalty Kill 4 Players Forward 
   Center                   Wing                     Time % Phy DF OF 
 1 Tim Schaller             Mikko Rantanen           60     1   2  2  
 2 Stefan Matteau           Zachary Sanford          40     1   2  2  

Penalty Kill 4 Players Defense
   Defense                  Defense                  Time % Phy DF OF 
 1 Seth Helgeson            Olli Maatta              60     1   2  2  
 2 Zach Werenski            Collin Miller            40     1   2  2  

Penalty Kill - 3 Players Forward 
   Forward                                           Time % Phy DF OF 
 1 Tim Schaller                                      60     1   2  2  
 2 Mikko Rantanen                                    40     1   2  2  

Penalty Kill - 3 Players Defense
   Defense                  Defense                  Time % Phy DF OF 
 1 Seth Helgeson            Olli Maatta              60     1   2  2  
 2 Zach Werenski            Collin Miller            40     1   2  2  

4 vs 4 Forward 
   Center                   Wing                     Time % Phy DF OF 
 1 Tim Schaller             Mikko Rantanen           60     1   2  2  
 2 Stefan Matteau           Zachary Sanford          40     1   2  2  

4 vs 4 Defense
   Defense                  Defense                  Time % Phy DF OF 
 1 Seth Helgeson            Olli Maatta              60     1   2  2  
 2 Zach Werenski            Collin Miller            40     1   2  2  

Last Minutes Offensive
   Center                   Left Wing                Right Wing               Defense                  Defense                  
   Stefan Matteau           Tim Schaller             Mikko Rantanen           Seth Helgeson            Olli Maatta              

Last Minutes Defensive
   Center                   Left Wing                Right Wing               Defense                  Defense                  
   Stefan Matteau           Tim Schaller             Mikko Rantanen           Seth Helgeson            Olli Maatta              

Goaltenders
Starting : Jake Allen               
Backup : Alexandar Georgiev       

Extra Forwards
Normal : Kyle Connor, Nick Ritchie, Travis Konecny - PP : Kyle Connor, Nick Ritchie - PK : Travis Konecny
Extra Defensemen
Normal : Neal Pionk, Kurtis Macdermid, Matt Roy - PP : Neal Pionk - PK : Kurtis Macdermid, Matt Roy
Penalty Shots
Tim Schaller, Mikko Rantanen, Stefan Matteau, Zachary Sanford, Brayden Point

Scratches
Jacob Josefson (Healthy), Anthony Cirelli (Healthy), Jordan Greenway (Healthy), Dennis Gilbert (Healthy), Zack MacEwen (Healthy)
Bokondji Imama (Healthy), Derek Forbort (Healthy), Josh Anderson (Healthy), Ryan Pulock (Torso Injury), Gustav Forsling (Healthy)
Austin Wuthrich (Healthy), Eamon McAdam (Healthy)

% Time on Ice - Condors

Lines # - Real PCT - Wanted PCT - Time Play
Normal Forward
1 - 36% - 40% - 17:46
2 - 27% - 30% - 13:29
3 - 22% - 20% - 11:10
4 - 15% - 10% - 7:24
Normal Defense
1 - 38% - 40% - 18:51
2 - 35% - 30% - 17:20
3 - 24% - 20% - 11:54
4 - 3% - 10% - 1:44
PP Forward
1 - 62% - 60% - 3:04
2 - 38% - 40% - 1:55
PP Defense
1 - 66% - 60% - 3:16
2 - 34% - 40% - 1:43
PK Forward
1 - 81% - 60% - 3:13
2 - 19% - 40% - 0:45
PK Defense
1 - 61% - 60% - 2:24
2 - 39% - 40% - 1:34
PK3 Forward
1 - 0% - 60%
2 - 0% - 40%
PK3 Defense
1 - 0% - 60%
2 - 0% - 40%
44 Forward
1 - 0% - 60%
2 - 0% - 40%
44 Defense
1 - 0% - 60%
2 - 0% - 40%
Last Minute Offensive  - 1:14
Last Minute Defensive  - 0:00
Total
Forward - 60:00
Defense - 60:00

% Time on Ice - Monarchs

Lines # - Real PCT - Wanted PCT - Time Play
Normal Forward
1 - 30% - 40% - 15:07
2 - 31% - 30% - 15:35
3 - 25% - 20% - 12:23
4 - 13% - 10% - 6:43
Normal Defense
1 - 38% - 40% - 18:49
2 - 28% - 30% - 13:54
3 - 22% - 20% - 11:01
4 - 12% - 10% - 6:04
PP Forward
1 - 60% - 60% - 2:23
2 - 40% - 40% - 1:35
PP Defense
1 - 61% - 60% - 2:24
2 - 39% - 40% - 1:34
PK Forward
1 - 98% - 60% - 4:54
2 - 2% - 40% - 0:05
PK Defense
1 - 76% - 60% - 3:48
2 - 24% - 40% - 1:11
PK3 Forward
1 - 0% - 60%
2 - 0% - 40%
PK3 Defense
1 - 0% - 60%
2 - 0% - 40%
44 Forward
1 - 0% - 60%
2 - 0% - 40%
44 Defense
1 - 0% - 60%
2 - 0% - 40%
Last Minute Offensive  - 0:00
Last Minute Defensive  - 1:15
Total
Forward - 60:00
Defense - 60:00

Play-by-Play

1st period


0:01 of 1st period - Tyler Bozak wins face-off versus Stefan Matteau in neutral zone.
0:14 of 1st period - Slapshot by Andrew Mangiapane.
0:14 of 1st period - Shot Blocked by Seth Helgeson.
0:30 of 1st period - Snap shot by Nail Yakupov.
0:30 of 1st period - Stopped by Jake Allen with a rebound.
0:54 of 1st period - Slapshot by Mark Jankowski.
0:54 of 1st period - Stopped by Jake Allen with a rebound.
1:08 of 1st period - Mikko Lehtonen is hit by Nicholas Baptiste and loses puck.
2:21 of 1st period - Zac Leslie is hit by Brayden Point and loses puck.
3:01 of 1st period - Slapshot by Daniel Zaar.
3:01 of 1st period - Shot Blocked by Neal Pionk.
3:43 of 1st period - Wrist shot by Christian Thomas.
3:43 of 1st period - Deflect By Mark Jankowski.
3:43 of 1st period - Stopped by Jake Allen with a rebound.
3:45 of 1st period - Snap shot by Daniel Zaar.
3:45 of 1st period - Stopped by Jake Allen without a rebound.
3:46 of 1st period - Alex Tuch wins face-off versus Stefan Matteau in Monarchs zone.
4:11 of 1st period - Olli Maatta is hit by Anton Slepyshev and loses puck.
4:18 of 1st period - Slapshot by Anton Slepyshev.
4:18 of 1st period - Stopped by Jake Allen without a rebound.
4:19 of 1st period - Frederik Gauthier wins face-off versus Stefan Matteau in Monarchs zone.
4:44 of 1st period - Tyler Bozak is hit by Brayden Point and loses puck.
5:07 of 1st period - Slapshot by Louis Leblanc.
5:07 of 1st period - Stopped by Jake Allen with a rebound.
5:25 of 1st period - Brayden Point is hit by Nail Yakupov and loses puck.
5:54 of 1st period - Carl Gunnarsson is hit by Seth Helgeson and loses puck.
7:50 of 1st period - Snap shot by Stefan Matteau.
7:50 of 1st period - Goal by Stefan Matteau - Condors : 0 - Monarchs : 1.
7:51 of 1st period - Tyler Bozak wins face-off versus Stefan Matteau in neutral zone.
8:01 of 1st period - Slapshot by Stefan Matteau.
8:01 of 1st period - Shot Misses the Net.
8:03 of 1st period - Snap shot by Tim Schaller.
8:03 of 1st period - Deflect By Stefan Matteau.
8:03 of 1st period - Stopped by Mark Visentin without a rebound.
8:04 of 1st period - Stefan Matteau wins face-off versus Tyler Bozak in Condors zone.
8:09 of 1st period - Wrist shot by Tim Schaller.
8:09 of 1st period - Shot Blocked by Andrew Mangiapane.
8:11 of 1st period - Snap shot by Tim Schaller.
8:11 of 1st period - Shot Blocked by Carl Gunnarsson.
8:13 of 1st period - Slapshot by Olli Maatta.
8:13 of 1st period - Deflect By Tyler Bozak.
8:13 of 1st period - Stopped by Mark Visentin with a rebound.
8:15 of 1st period - Snap shot by Tim Schaller.
8:15 of 1st period - Shot Hit the Post.
8:17 of 1st period - Slapshot by Olli Maatta.
8:17 of 1st period - Stopped by Mark Visentin with a rebound.
8:19 of 1st period - Wrist shot by Mikko Rantanen.
8:19 of 1st period - Shot Misses the Net.
8:36 of 1st period - Wrist shot by Frank Vatrano.
8:36 of 1st period - Stopped by Mark Visentin without a rebound.
8:37 of 1st period - Frederik Gauthier wins face-off versus Stefan Matteau in Condors zone.
8:42 of 1st period - Frederik Gauthier is hit by Zach Werenski and loses puck.
8:52 of 1st period - Off-side.
8:53 of 1st period - Brayden Point wins face-off versus Tyler Bozak in neutral zone.
9:04 of 1st period - Slapshot by Zachary Sanford.
9:04 of 1st period - Stopped by Mark Visentin with a rebound.
10:17 of 1st period - Carl Gunnarsson is hit by Tim Schaller.
10:31 of 1st period - Snap shot by Stefan Matteau.
10:31 of 1st period - Stopped by Mark Visentin without a rebound.
10:32 of 1st period - Frederik Gauthier wins face-off versus Stefan Matteau in Condors zone.
11:40 of 1st period - Wrist shot by Mikko Rantanen.
11:40 of 1st period - Stopped by Mark Visentin with a rebound.
12:10 of 1st period - Wrist shot by Travis Konecny.
12:10 of 1st period - Shot Misses the Net.
12:12 of 1st period - Slapshot by Collin Miller.
12:12 of 1st period - Shot Misses the Net.
12:14 of 1st period - Snap shot by Nick Ritchie.
12:14 of 1st period - Shot Misses the Net.
13:39 of 1st period - Slapshot by Frederik Gauthier.
13:39 of 1st period - Stopped by Jake Allen with a rebound.
13:41 of 1st period - Slapshot by Eric Gustafsson.
13:41 of 1st period - Stopped by Jake Allen with a rebound.
13:43 of 1st period - Snap shot by Anton Slepyshev.
13:43 of 1st period - Shot Misses the Net.
13:45 of 1st period - Snap shot by Anton Slepyshev.
13:45 of 1st period - Stopped by Jake Allen without a rebound.
13:46 of 1st period - Mark Jankowski wins face-off versus Joel Eriksson Ek in Monarchs zone.
13:59 of 1st period - Wrist shot by Christian Thomas.
13:59 of 1st period - Deflect By Daniel Zaar.
13:59 of 1st period - Stopped by Jake Allen without a rebound.
14:00 of 1st period - Stefan Matteau wins face-off versus Tyler Bozak in Monarchs zone.
14:00 of 1st period - Stefan Matteau is hit by Alex Tuch.
14:26 of 1st period - Nail Yakupov is hit by Frank Vatrano.
14:32 of 1st period - Slapshot by Anton Slepyshev.
14:32 of 1st period - Stopped by Jake Allen with a rebound.
15:18 of 1st period - Wrist shot by Tyler Bozak.
15:18 of 1st period - Stopped by Jake Allen without a rebound.
15:19 of 1st period - Tyler Bozak wins face-off versus Joel Eriksson Ek in Monarchs zone.
15:26 of 1st period - Wrist shot by Tyler Bozak.
15:26 of 1st period - Shot Blocked by Travis Konecny.
15:28 of 1st period - Snap shot by Tyler Bozak.
15:28 of 1st period - Shot Misses the Net.
15:30 of 1st period - Snap shot by Eric Gustafsson.
15:30 of 1st period - Shot Misses the Net.
15:32 of 1st period - Wrist shot by Andrew Mangiapane.
15:32 of 1st period - Deflect By Alex Tuch.
15:32 of 1st period - Shot Misses the Net.
15:32 of 1st period - Puck is out of play.
15:33 of 1st period - Stefan Matteau wins face-off versus Tyler Bozak in Monarchs zone.
15:58 of 1st period - Olli Maatta is hit by Anton Slepyshev and loses puck.
16:04 of 1st period - Off-side.
16:05 of 1st period - Tim Schaller wins face-off versus Frederik Gauthier in neutral zone.
16:10 of 1st period - Zac Leslie is hit by Mikko Rantanen and loses puck.
16:38 of 1st period - Snap shot by Zachary Sanford.
16:38 of 1st period - Stopped by Mark Visentin without a rebound.
16:39 of 1st period - Frederik Gauthier wins face-off versus Brayden Point in Condors zone.
16:48 of 1st period - Slapshot by Frederik Gauthier.
16:48 of 1st period - Shot Misses the Net.
16:50 of 1st period - Slapshot by Carl Gunnarsson.
16:50 of 1st period - Stopped by Jake Allen without a rebound.
16:51 of 1st period - Tyler Bozak wins face-off versus Stefan Matteau in Monarchs zone.
16:58 of 1st period - Snap shot by Alex Tuch.
16:58 of 1st period - Stopped by Jake Allen with a rebound.
17:37 of 1st period - Snap shot by Daniel Zaar.
17:37 of 1st period - Deflect By Christian Thomas.
17:37 of 1st period - Stopped by Jake Allen with a rebound.
17:39 of 1st period - Wrist shot by Mark Jankowski.
17:39 of 1st period - Goal by Mark Jankowski - Condors : 1 - Monarchs : 1.
17:40 of 1st period - Alex Tuch wins face-off versus Stefan Matteau in neutral zone.
18:05 of 1st period - Seth Helgeson is hit by Anton Slepyshev and loses puck.
18:34 of 1st period - Wrist shot by Daniel Zaar.
18:34 of 1st period - Stopped by Jake Allen with a rebound.
18:36 of 1st period - Slapshot by Eric Gustafsson.
18:36 of 1st period - Stopped by Jake Allen without a rebound.
18:37 of 1st period - Tyler Bozak wins face-off versus Stefan Matteau in Monarchs zone.
18:52 of 1st period - Wrist shot by Tyler Bozak.
18:52 of 1st period - Goal by Tyler Bozak - Condors : 2 - Monarchs : 1.
18:53 of 1st period - Tyler Bozak wins face-off versus Stefan Matteau in neutral zone.
19:27 of 1st period - Snap shot by Anton Slepyshev.
19:27 of 1st period - Shot Misses the Net.
19:33 of 1st period - Minor Penalty to Frank Vatrano for Hooking.
19:34 of 1st period - Tim Schaller wins face-off versus Frederik Gauthier in Monarchs zone.
19:37 of 1st period - Wrist shot by Anton Slepyshev.
19:37 of 1st period - Shot Misses the Net.
19:59 of 1st period - Mikko Rantanen is hit by Tyler Bozak and loses puck.
Goals for this period are 2 for Condors vs 1 for Monarchs .
Shots for this period are 19 for Condors vs 9 for Monarchs .

2nd period


0:01 of 2nd period - Frederik Gauthier wins face-off versus Tim Schaller in neutral zone.
0:08 of 2nd period - Wrist shot by Frederik Gauthier.
0:08 of 2nd period - Shot Misses the Net.
0:10 of 2nd period - Snap shot by Anton Slepyshev.
0:10 of 2nd period - Shot Blocked by Mikko Rantanen.
0:12 of 2nd period - Slapshot by Carl Gunnarsson.
0:12 of 2nd period - Shot Misses the Net.
0:14 of 2nd period - Slapshot by Anton Slepyshev.
0:14 of 2nd period - Stopped by Jake Allen with a rebound.
0:34 of 2nd period - Slapshot by Carl Gunnarsson.
0:34 of 2nd period - Goal by Carl Gunnarsson - Condors : 3 - Monarchs : 1.
0:35 of 2nd period - Tyler Bozak wins face-off versus Stefan Matteau in neutral zone.
0:43 of 2nd period - Icing by Olli Maatta.
0:44 of 2nd period - Stefan Matteau wins face-off versus Tyler Bozak in Monarchs zone.
0:44 of 2nd period - Stefan Matteau is hit by Alex Tuch.
0:52 of 2nd period - Andrew Mangiapane is hit by Stefan Matteau.
0:56 of 2nd period - Slapshot by Alex Tuch.
0:56 of 2nd period - Stopped by Jake Allen with a rebound.
1:02 of 2nd period - Tim Schaller is hit by Alex Tuch and loses puck.
1:11 of 2nd period - Snap shot by Tyler Bozak.
1:11 of 2nd period - Shot Blocked by Seth Helgeson.
1:17 of 2nd period - Slapshot by Seth Helgeson.
1:17 of 2nd period - Shot Blocked by Eric Gustafsson.
1:22 of 2nd period - Minor Penalty to Andrew Mangiapane for Roughing.
1:23 of 2nd period - Tyler Bozak wins face-off versus Zachary Sanford in Condors zone.
1:53 of 2nd period - Snap shot by Tim Schaller.
1:53 of 2nd period - Deflect By Stefan Matteau.
1:53 of 2nd period - Shot Blocked by Carl Gunnarsson.
1:53 of 2nd period - Puck is out of play.
1:54 of 2nd period - Tyler Bozak wins face-off versus Stefan Matteau in Condors zone.
2:17 of 2nd period - Alex Tuch is hit by Mikko Rantanen and loses puck.
2:28 of 2nd period - Wrist shot by Stefan Matteau.
2:28 of 2nd period - Shot Misses the Net.
2:30 of 2nd period - Wrist shot by Zach Werenski.
2:30 of 2nd period - Deflect By Mikko Rantanen.
2:30 of 2nd period - Shot Misses the Net.
2:30 of 2nd period - Puck is out of play.
2:31 of 2nd period - Brayden Point wins face-off versus Tyler Bozak in Condors zone.
2:44 of 2nd period - Snap shot by Frank Vatrano.
2:44 of 2nd period - Shot Misses the Net.
3:22 of 2nd period - Penalty to Andrew Mangiapane is over, Andrew Mangiapane is back on ice.
3:36 of 2nd period - Snap shot by Nail Yakupov.
3:36 of 2nd period - Shot Misses the Net.
3:56 of 2nd period - Snap shot by Nail Yakupov.
3:56 of 2nd period - Deflect By Andrew Mangiapane.
3:56 of 2nd period - Shot Blocked by Zach Werenski.
3:56 of 2nd period - Puck is out of play.
3:57 of 2nd period - Mark Jankowski wins face-off versus Brayden Point in Monarchs zone.
4:22 of 2nd period - Seth Helgeson is hit by Eric Gustafsson and loses puck.
5:14 of 2nd period - Zac Leslie is hit by Zachary Sanford.
5:38 of 2nd period - Eric Gustafsson is hit by Nicholas Baptiste and loses puck.
5:59 of 2nd period - Snap shot by Daniel Zaar.
5:59 of 2nd period - Stopped by Jake Allen without a rebound.
6:00 of 2nd period - Louis Leblanc wins face-off versus Brayden Point in Monarchs zone.
6:05 of 2nd period - Wrist shot by Mikko Lehtonen.
6:05 of 2nd period - Shot Misses the Net.
6:49 of 2nd period - Collin Miller is hit by Eric Gustafsson and loses puck.
7:12 of 2nd period - Snap shot by Zachary Sanford.
7:12 of 2nd period - Stopped by Mark Visentin without a rebound.
7:13 of 2nd period - Brayden Point wins face-off versus Frederik Gauthier in Condors zone.
7:14 of 2nd period - Slapshot by Zachary Sanford.
7:14 of 2nd period - Shot Blocked by Brett Lernout.
7:16 of 2nd period - Snap shot by Brayden Point.
7:16 of 2nd period - Shot Misses the Net.
7:18 of 2nd period - Wrist shot by Brayden Point.
7:18 of 2nd period - Deflect By Zachary Sanford.
7:18 of 2nd period - Shot Misses the Net.
7:18 of 2nd period - Puck is out of play.
7:19 of 2nd period - Mikko Rantanen wins face-off versus Tyler Bozak in Condors zone.
7:22 of 2nd period - Slapshot by Mikko Rantanen.
7:22 of 2nd period - Shot Blocked by Brett Lernout.
7:56 of 2nd period - Snap shot by Nail Yakupov.
7:56 of 2nd period - Stopped by Jake Allen without a rebound.
7:57 of 2nd period - Stefan Matteau wins face-off versus Mark Jankowski in Monarchs zone.
8:10 of 2nd period - Wrist shot by Daniel Zaar.
8:10 of 2nd period - Stopped by Jake Allen without a rebound.
8:11 of 2nd period - Tyler Bozak wins face-off versus Stefan Matteau in Monarchs zone.
8:12 of 2nd period - Snap shot by Alex Tuch.
8:12 of 2nd period - Shot Misses the Net.
8:14 of 2nd period - Minor Penalty to Tim Schaller for Tripping.
8:15 of 2nd period - Travis Konecny wins face-off versus Frederik Gauthier in Monarchs zone.
8:33 of 2nd period - Icing by Alex Tuch.
8:34 of 2nd period - Frederik Gauthier wins face-off versus Travis Konecny in Condors zone.
8:59 of 2nd period - Travis Konecny is hit by Eric Gustafsson and loses puck.
9:06 of 2nd period - Wrist shot by Frederik Gauthier.
9:06 of 2nd period - Shot Misses the Net.
9:08 of 2nd period - Snap shot by Alex Tuch.
9:08 of 2nd period - Stopped by Jake Allen with a rebound.
9:10 of 2nd period - Wrist shot by Anton Slepyshev.
9:10 of 2nd period - Stopped by Jake Allen without a rebound.
9:11 of 2nd period - Tyler Bozak wins face-off versus Stefan Matteau in Monarchs zone.
10:14 of 2nd period - Penalty to Tim Schaller is over, Tim Schaller is back on ice.
10:38 of 2nd period - Wrist shot by Tim Schaller.
10:38 of 2nd period - Deflect By Stefan Matteau.
10:38 of 2nd period - Goal by Stefan Matteau - Condors : 3 - Monarchs : 2.
10:39 of 2nd period - Brayden Point wins face-off versus Tyler Bozak in neutral zone.
11:06 of 2nd period - Zach Werenski is hit by Frederik Gauthier and loses puck.
11:15 of 2nd period - Frederik Gauthier is hit by Nicholas Baptiste and loses puck.
12:12 of 2nd period - Wrist shot by Andrew Mangiapane.
12:12 of 2nd period - Stopped by Jake Allen with a rebound.
12:34 of 2nd period - Seth Helgeson is hit by Anton Slepyshev and loses puck.
12:49 of 2nd period - Snap shot by Zach Werenski.
12:49 of 2nd period - Stopped by Mark Visentin without a rebound.
12:50 of 2nd period - Brayden Point wins face-off versus Louis Leblanc in Condors zone.
12:58 of 2nd period - Off-side.
12:59 of 2nd period - Stefan Matteau wins face-off versus Tyler Bozak in neutral zone.
13:01 of 2nd period - Minor Penalty to Tim Schaller for High sticking.
13:02 of 2nd period - Travis Konecny wins face-off versus Frederik Gauthier in Monarchs zone.
13:02 of 2nd period - Travis Konecny is hit by Alex Tuch.
13:09 of 2nd period - Anton Slepyshev is hit by Travis Konecny and loses puck.
13:28 of 2nd period - Stefan Matteau is hit by Andrew Mangiapane.
15:01 of 2nd period - Penalty to Tim Schaller is over, Tim Schaller is back on ice.
15:12 of 2nd period - Wrist shot by Zachary Sanford.
15:12 of 2nd period - Stopped by Mark Visentin with a rebound.
15:18 of 2nd period - Zachary Sanford is hit by Chris Bigras.
15:37 of 2nd period - Slapshot by Nicholas Baptiste.
15:37 of 2nd period - Shot Blocked by Erik Cernak.
15:39 of 2nd period - Wrist shot by Jacob De La Rose.
15:39 of 2nd period - Shot Misses the Net.
16:25 of 2nd period - Carl Gunnarsson is hit by Nick Ritchie and loses puck.
18:55 of 2nd period - Slapshot by Collin Miller.
18:55 of 2nd period - Deflect By Christian Thomas.
18:55 of 2nd period - Stopped by Mark Visentin without a rebound.
18:56 of 2nd period - Brayden Point wins face-off versus Mark Jankowski in Condors zone.
18:59 of 2nd period - Snap shot by Zachary Sanford.
18:59 of 2nd period - Stopped by Mark Visentin with a rebound.
19:54 of 2nd period - Snap shot by Travis Konecny.
19:54 of 2nd period - Shot Misses the Net.
Goals for this period are 1 for Condors vs 1 for Monarchs .
Shots for this period are 9 for Condors vs 6 for Monarchs .

3rd period


0:01 of 3rd period - Tyler Bozak wins face-off versus Stefan Matteau in neutral zone.
0:08 of 3rd period - Wrist shot by Eric Gustafsson.
0:08 of 3rd period - Shot Blocked by Stefan Matteau.
0:27 of 3rd period - Anton Slepyshev is hit by Frank Vatrano.
0:34 of 3rd period - Slapshot by Frank Vatrano.
0:34 of 3rd period - Shot Misses the Net.
0:36 of 3rd period - Slapshot by Brayden Point.
0:36 of 3rd period - Shot Misses the Net.
0:38 of 3rd period - Slapshot by Frank Vatrano.
0:38 of 3rd period - Stopped by Mark Visentin with a rebound.
0:52 of 3rd period - Eric Gustafsson is hit by Nick Ritchie and loses puck.
0:57 of 3rd period - Wrist shot by Travis Konecny.
0:57 of 3rd period - Stopped by Mark Visentin with a rebound.
1:13 of 3rd period - Wrist shot by Nail Yakupov.
1:13 of 3rd period - Shot Misses the Net.
1:15 of 3rd period - Snap shot by Nail Yakupov.
1:15 of 3rd period - Shot Blocked by Joonas Lyytinen.
1:17 of 3rd period - Slapshot by Frederik Gauthier.
1:17 of 3rd period - Deflect By Nail Yakupov.
1:17 of 3rd period - Shot Blocked by Joonas Lyytinen.
1:17 of 3rd period - Puck is out of play.
1:18 of 3rd period - Brayden Point wins face-off versus Tyler Bozak in Monarchs zone.
1:31 of 3rd period - Wrist shot by Frank Vatrano.
1:31 of 3rd period - Stopped by Mark Visentin with a rebound.
1:33 of 3rd period - Slapshot by Seth Helgeson.
1:33 of 3rd period - Stopped by Mark Visentin with a rebound.
2:08 of 3rd period - Nick Ritchie is hit by Louis Leblanc and loses puck.
3:55 of 3rd period - Anton Slepyshev is hit by Joel Eriksson Ek and loses puck.
4:14 of 3rd period - Snap shot by Alex Tuch.
4:14 of 3rd period - Shot Blocked by Joonas Lyytinen.
4:16 of 3rd period - Wrist shot by Alex Tuch.
4:16 of 3rd period - Deflect By Zachary Sanford.
4:16 of 3rd period - Stopped by Jake Allen without a rebound.
4:17 of 3rd period - Stefan Matteau wins face-off versus Andrew Mangiapane in Monarchs zone.
4:28 of 3rd period - Wrist shot by Tim Schaller.
4:28 of 3rd period - Deflect By Stefan Matteau.
4:28 of 3rd period - Shot Misses the Net.
4:28 of 3rd period - Puck is out of play.
4:29 of 3rd period - Brayden Point wins face-off versus Tyler Bozak in Condors zone.
4:36 of 3rd period - Tyler Bozak is hit by Frank Vatrano and loses puck.
4:43 of 3rd period - Wrist shot by Frank Vatrano.
4:43 of 3rd period - Shot Misses the Net.
4:45 of 3rd period - Slapshot by Olli Maatta.
4:45 of 3rd period - Deflect By Brayden Point.
4:45 of 3rd period - Shot Misses the Net.
4:45 of 3rd period - Puck is out of play.
4:46 of 3rd period - Stefan Matteau wins face-off versus Frederik Gauthier in Condors zone.
4:47 of 3rd period - Wrist shot by Zach Werenski.
4:47 of 3rd period - Stopped by Mark Visentin with a rebound.
5:44 of 3rd period - Wrist shot by Frank Vatrano.
5:44 of 3rd period - Stopped by Mark Visentin with a rebound.
6:29 of 3rd period - Snap shot by Mikko Lehtonen.
6:29 of 3rd period - Shot Blocked by Neal Pionk.
7:36 of 3rd period - Minor Penalty to Eric Gustafsson for Hooking.
7:37 of 3rd period - Tyler Bozak wins face-off versus Stefan Matteau in Condors zone.
7:43 of 3rd period - Icing by Mikko Rantanen.
7:44 of 3rd period - Tyler Bozak wins face-off versus Stefan Matteau in Monarchs zone.
9:36 of 3rd period - Penalty to Eric Gustafsson is over, Eric Gustafsson is back on ice.
9:52 of 3rd period - Eric Gustafsson is hit by Olli Maatta and loses puck.
9:59 of 3rd period - Seth Helgeson is hit by Mikko Lehtonen and loses puck.
12:14 of 3rd period - Jacob De La Rose is hit by Andrew Mangiapane and loses puck.
12:29 of 3rd period - Slapshot by Louis Leblanc.
12:29 of 3rd period - Shot Blocked by Matt Roy.
12:50 of 3rd period - Wrist shot by Tim Schaller.
12:50 of 3rd period - Stopped by Mark Visentin without a rebound.
12:51 of 3rd period - Brayden Point wins face-off versus Mark Jankowski in Condors zone.
13:06 of 3rd period - Brayden Point is hit by Eric Gustafsson.
13:26 of 3rd period - Snap shot by Travis Konecny.
13:26 of 3rd period - Stopped by Mark Visentin with a rebound.
13:28 of 3rd period - Snap shot by Joel Eriksson Ek.
13:28 of 3rd period - Stopped by Mark Visentin with a rebound.
13:30 of 3rd period - Slapshot by Seth Helgeson.
13:30 of 3rd period - Shot Blocked by Chris Bigras.
13:40 of 3rd period - Snap shot by Mikko Rantanen.
13:40 of 3rd period - Goal by Mikko Rantanen - Condors : 3 - Monarchs : 3.
13:41 of 3rd period - Brayden Point wins face-off versus Tyler Bozak in neutral zone.
13:41 of 3rd period - Brayden Point is hit by Alex Tuch.
13:47 of 3rd period - Snap shot by Zachary Sanford.
13:47 of 3rd period - Shot Blocked by Andrew Mangiapane.
13:49 of 3rd period - Snap shot by Brayden Point.
13:49 of 3rd period - Shot Misses the Net.
13:57 of 3rd period - Wrist shot by Zachary Sanford.
13:57 of 3rd period - Goal by Zachary Sanford - Condors : 3 - Monarchs : 4.
13:58 of 3rd period - Tyler Bozak wins face-off versus Stefan Matteau in neutral zone.
14:20 of 3rd period - Icing by Eric Gustafsson.
14:21 of 3rd period - Brayden Point wins face-off versus Tyler Bozak in Condors zone.
14:22 of 3rd period - Wrist shot by Zachary Sanford.
14:22 of 3rd period - Shot Misses the Net.
14:44 of 3rd period - Wrist shot by Eric Gustafsson.
14:44 of 3rd period - Deflect By Alex Tuch.
14:44 of 3rd period - Shot Blocked by Frank Vatrano.
14:44 of 3rd period - Puck is out of play.
14:45 of 3rd period - Stefan Matteau wins face-off versus Frederik Gauthier in Monarchs zone.
14:54 of 3rd period - Snap shot by Tim Schaller.
14:54 of 3rd period - Stopped by Mark Visentin without a rebound.
14:55 of 3rd period - Frederik Gauthier wins face-off versus Stefan Matteau in Condors zone.
15:04 of 3rd period - Slapshot by Frederik Gauthier.
15:04 of 3rd period - Shot Misses the Net.
15:20 of 3rd period - Slapshot by Stefan Matteau.
15:20 of 3rd period - Shot Blocked by Chris Bigras.
15:22 of 3rd period - Backhand shot by Stefan Matteau.
15:22 of 3rd period - Stopped by Mark Visentin without a rebound.
15:23 of 3rd period - Brayden Point wins face-off versus Tyler Bozak in Condors zone.
15:48 of 3rd period - Christian Thomas is hit by Joel Eriksson Ek and loses puck.
15:55 of 3rd period - Snap shot by Daniel Zaar.
15:55 of 3rd period - Shot Misses the Net.
16:13 of 3rd period - Tim Schaller is hit by Anton Slepyshev and loses puck.
16:35 of 3rd period - Icing by Mikko Lehtonen.
16:36 of 3rd period - Tyler Bozak wins face-off versus Brayden Point in Condors zone.
17:11 of 3rd period - Slapshot by Alex Tuch.
17:11 of 3rd period - Deflect By Andrew Mangiapane.
17:11 of 3rd period - Shot Blocked by Neal Pionk.
17:11 of 3rd period - Neal Pionk from Monarchs is injured at 17:11 of 3rd period (Right Forearm).
17:12 of 3rd period - Stefan Matteau wins face-off versus Mark Jankowski in Monarchs zone.
17:12 of 3rd period - Stefan Matteau is hit by Carl Gunnarsson.
17:24 of 3rd period - Wrist shot by Mikko Rantanen.
17:24 of 3rd period - Shot Blocked by Christian Thomas.
18:34 of 3rd period - Wrist shot by Mikko Rantanen.
18:34 of 3rd period - Shot Blocked by Daniel Zaar.
18:38 of 3rd period - Wrist shot by Stefan Matteau.
18:38 of 3rd period - Shot Blocked by Erik Cernak.
18:50 of 3rd period - Tim Schaller is hit by Anton Slepyshev.
18:52 of 3rd period - Condors, Mark Visentin is pulled from the net.
19:02 of 3rd period - Snap shot by Nail Yakupov.
19:02 of 3rd period - Stopped by Jake Allen with a rebound.
19:17 of 3rd period - Snap shot by Eric Gustafsson.
19:17 of 3rd period - Stopped by Jake Allen without a rebound.
19:18 of 3rd period - Todd McLellan call a timeout for Condors.
19:18 of 3rd period - Tyler Bozak wins face-off versus Stefan Matteau in Monarchs zone.
19:29 of 3rd period - Mikko Rantanen is hit by Tyler Bozak.
19:43 of 3rd period - Wrist shot by Nail Yakupov.
19:43 of 3rd period - Stopped by Jake Allen with a rebound.
19:45 of 3rd period - Wrist shot by Nail Yakupov.
19:45 of 3rd period - Shot Misses the Net.
19:47 of 3rd period - Snap shot by Nail Yakupov.
19:47 of 3rd period - Stopped by Jake Allen without a rebound.
19:48 of 3rd period - Tyler Bozak wins face-off versus Stefan Matteau in Monarchs zone.
19:59 of 3rd period - Slapshot by Anton Slepyshev.
19:59 of 3rd period - Shot Misses the Net.
Goals for this period are 0 for Condors vs 2 for Monarchs .
Shots for this period are 5 for Condors vs 13 for Monarchs .